AoeStats
← darthfunk85

Black Forest

509733850Analyzed
4v4 RM · 4d ago on Sep 27, 2026· 54m 54s· 8 players
Game mode
Random Map
Map size
Large (8 player)
Population
200
Speed
Normal
Resources
Standard
Victory
Conquest
Starting age
Dark Age
Ending age
Imperial Age
RankedLock teamsTeams togetherTeam positionsShared explorationLock speedFull tech treeHidden civsTurbo modeCheats
Victory
Defeat
🇺🇸 Saxons · United States
639
+15
🇪🇸 Spanish · Spain
635
+16
🇲🇦 Bohemians · Morocco
629
+16
🇺🇸 Britons · United States
624
+16
🇨🇴 Britons · Colombia
695
-19
🇧🇷 Spanish · Brazil
662
-27
🇵🇹 Vietnamese · Portugal
589
-15
🇧🇷 Chinese · Brazil
556
-13
darthfunk85
0:27 Loom
12:42 Feudal Age
14:56 Wheelbarrow
14:47 Double-Bit Axe
14:46 Horse Collar
20:36 Castle Age
21:15 Scale Mail Armor
21:18 Fletching
22:01 Squires
23:39 Stone Mining
25:15 Heavy Plow
27:26 Husbandry
27:32 Gambesons
31:11 Bloodlines
31:49 Hand Cart
33:07 Forging
33:04 Scale Barding Armor
37:28 Imperial Age
35:21 Caravan
35:41 Chain Mail Armor
35:53 Gold Mining
36:07 Light Cavalry
38:16 Bow Saw
38:45 Gold Shaft Mining
38:09 Shield Wall
39:11 Conscription
39:56 Crop Rotation
39:40 Hussar
41:20 Chain Barding Armor
41:56 Iron Casting
41:55 Plate Mail Armor
42:55 Elite Hearth Troop
47:42 Elite Varangian Guard
49:22 Cavalier
52:08 Pikeman
55:08 Iron Casting
Dumbzie
0:31 Loom
13:56 Feudal Age
25:03 Castle Age
23:30 Stone Mining
23:37 Double-Bit Axe
23:40 Horse Collar
24:16 Gold Mining
35:02 Imperial Age
34:00 Wheelbarrow
33:10 Town Watch
33:45 Caravan
34:31 Fortified Wall
35:49 Hand Cart
35:36 Town Patrol
36:25 Gold Shaft Mining
36:28 Bow Saw
36:25 Heavy Plow
38:33 Two-Man Saw
40:17 Ballistics
40:58 Chemistry
40:05 Padded Archer Armor
39:55 Fletching
39:42 Elite Longbowman
40:43 Conscription
41:27 Leather Archer Armor
41:11 Bodkin Arrow
41:28 Murder Holes
43:19 Ring Archer Armor
42:49 Bracer
45:08 Forging
44:59 Scale Mail Armor
48:20 Iron Casting
48:00 Chain Mail Armor
47:50 Scale Barding Armor
zenpegasus4
6:24 Loom
12:56 Feudal Age
15:08 Double-Bit Axe
20:27 Castle Age
19:09 Wheelbarrow
20:27 Man-at-Arms
29:27 Gold Mining
29:13 Pikeman
34:35 Bow Saw
36:33 Stone Mining
37:21 Squires
37:27 Fletching
39:35 Ballistics
39:30 Fortified Wall
39:11 Town Watch
41:04 Hand Cart
45:34 Imperial Age
43:36 Bodkin Arrow
45:44 Town Patrol
45:37 Elite Conquistador
47:11 Hoardings
46:52 Caravan
49:19 Two-Man Saw
48:06 Horse Collar
48:16 Onager
48:41 Halberdier
49:47 Gambesons
50:08 Bracer
50:19 Forging
50:10 Scale Mail Armor
50:17 Scale Barding Armor
51:17 Chemistry
54:31 Chain Mail Armor
MONSTAR36
1:04 Loom
14:10 Feudal Age
14:53 Double-Bit Axe
17:58 Wheelbarrow
17:29 Horse Collar
17:52 Town Watch
25:36 Castle Age
27:46 Bow Saw
29:16 Heavy Plow
31:57 Hand Cart
33:28 Chemistry
33:10 Town Patrol
33:35 Caravan
38:38 Imperial Age
36:42 Ballistics
38:19 Murder Holes
38:47 Houfnice
41:15 Wagenburg Tactics
41:34 Conscription
40:38 Elite Hussite Wagon
41:27 Hussite Reforms
42:19 Siege Engineers
42:31 Guilds
Iscaa
13:21 Feudal Age
16:01 Wheelbarrow
15:45 Horse Collar
23:48 Castle Age
23:07 Gold Mining
23:09 Stone Mining
24:32 Town Watch
26:36 Hand Cart
26:16 Double-Bit Axe
27:41 Town Patrol
27:44 Heavy Plow
28:25 Husbandry
30:34 Fletching
30:48 Padded Archer Armor
30:59 Forging
30:54 Scale Barding Armor
32:25 Ballistics
37:33 Imperial Age
35:40 Bloodlines
38:05 Masonry
38:08 Fortified Wall
38:51 Chain Barding Armor
39:07 Iron Casting
38:27 Bodkin Arrow
38:22 Loom
38:57 Bow Saw
41:44 Elite Conquistador
46:23 Cavalier
47:46 Paladin
49:53 Chemistry
49:56 Blast Furnace
49:39 Murder Holes
50:52 Bracer
51:08 Leather Archer Armor
51:29 Plate Barding Armor
Capivara1307
4:56 Loom
15:02 Feudal Age
16:19 Wheelbarrow
15:34 Double-Bit Axe
16:33 Town Watch
20:21 Man-at-Arms
26:24 Arson
26:53 Gold Mining
26:51 Horse Collar
28:53 Stone Mining
31:12 Bloodlines
30:50 Arson
35:09 Castle Age
33:43 Forging
33:33 Scale Mail Armor
33:39 Scale Barding Armor
33:25 Fletching
33:36 Padded Archer Armor
37:06 Hand Cart
36:52 Town Patrol
37:53 Bow Saw
37:56 Heavy Plow
37:26 Elite Skirmisher
37:33 Crossbowman
38:18 Thumb Ring
37:37 Light Cavalry
38:18 Husbandry
39:41 Iron Casting
39:24 Leather Archer Armor
39:51 Chatras
41:50 Fortified Wall
42:01 Ballistics
41:34 Heated Shot
42:38 Stone Shaft Mining
46:07 Imperial Age
43:43 Bodkin Arrow
44:04 Chain Mail Armor
44:26 Caravan
48:39 Chemistry
47:22 Treadmill Crane
48:19 Crop Rotation
48:22 Plate Mail Armor
48:12 Chain Barding Armor
48:23 Ring Archer Armor
47:54 Bracer
48:19 Paper Money
47:23 Imperial Skirmisher
52:30 Elite Battle Elephant
53:17 Elite Rattan Archer
54:37 Elite Fire Lancer
EL THANOS
0:55 Loom
12:33 Feudal Age
13:58 Double-Bit Axe
20:40 Castle Age
19:32 Stone Mining
19:26 Horse Collar
20:41 Gold Mining
21:45 Bow Saw
23:32 Gold Shaft Mining
23:00 Heavy Plow
33:15 Imperial Age
31:16 Ballistics
31:07 Masonry
30:38 Treadmill Crane
33:19 Wheelbarrow
32:57 Padded Archer Armor
32:47 Fletching
33:21 Elite Longbowman
34:24 Yeomen
34:46 Leather Archer Armor
34:27 Bodkin Arrow
36:11 Ring Archer Armor
36:21 Conscription
37:21 Chemistry
36:57 Hand Cart
37:02 Caravan
38:11 Architecture
37:35 Town Watch
38:25 Siege Engineers
40:44 Two-Man Saw
39:49 Town Patrol
39:56 Bracer
40:32 Coinage
40:19 Guilds
41:24 Capped Ram
43:52 Onager
DestrosXzw
0:48 Loom
18:46 Feudal Age
20:12 Wheelbarrow
19:31 Double-Bit Axe
20:29 Horse Collar
25:53 Castle Age
27:56 Hand Cart
29:07 Bow Saw
33:33 Heavy Plow
34:52 Caravan
39:25 Stone Mining
39:26 Gold Mining
45:58 Imperial Age
44:10 Squires
43:55 Arson
43:31 Pikeman
43:32 Man-at-Arms
Connection lost

Rejoining the realm…

Still unreachable

The connection could not be restored.

Session expired

The server has moved on; the page needs a fresh start.